 Dungeon Crawl Stone Soup version 0.21-a0-528-gf531e82 (webtiles) character file.

11 slep the Chopper (level 2, -1/22 HPs)
             Began as a Demonspawn Gladiator on Dec 9, 2017.
             Slain by a hobgoblin
             ... wielding a +0 club
              (5 damage)
             ... on level 1 of the Dungeon.
             The game lasted 00:00:36 (117 turns).

slep the Chopper (Demonspawn Gladiator)              Turns: 117, Time: 00:00:37

Health: -1/22      AC:  3    Str: 14    XL:     2   Next: 13%
Magic:  2/2        EV: 13    Int:  9    God:
Gold:   26         SH:  0    Dex: 14    Spells: 1/1 levels left

rFire    . . .     SeeInvis .   a - +0 war axe
rCold    . . .     Gourm    .   (no shield)
rNeg     . . .     Faith    .   b - +0 leather armour
rPois    .         Spirit   .   (helmet restricted)
rElec    .         Reflect  .   (no cloak)
rCorr    .         Harm     .   (no gloves)
MR       .....                  (no boots)
Stlth    +.........             (no amulet)
HPRegen  0.07/turn              (no ring)
MPRegen  0.08/turn              (no ring)

@: no status effects
A: horns 1
a: no special abilities


You were on level 1 of the Dungeon.
You were not hungry.

You visited 1 branch of the dungeon, and saw 1 of its levels.

You collected 26 gold pieces.

Inventory:

Hand Weapons
 a - a +0 war axe (weapon)
Missiles
 d - 3 throwing nets (quivered)
Armour
 b - a +0 leather armour (worn)
 c - a +0 helmet
Scrolls
 e - a scroll of remove curse {unknown}
 g - a scroll of teleportation {unknown}
 i - a scroll of fear {unknown}
Comestibles
 f - a bread ration
 h - a royal jelly


   Skills:
 + Level 2.0 Fighting
 + Level 3.0 Axes
 + Level 1.9 Throwing
 + Level 2.9 Dodging


You had one spell level left.
You didn't know any spells.

Dungeon Overview and Level Annotations

Branches:
Dungeon (1/15)

Altars:


Innate Abilities, Weirdness & Mutations

You have a pair of small horns on your head.


Message History

i - a scroll labeled SEZXAS CUHIET A hobgoblin comes into view.
It is wielding a club.
The hobgoblin shouts!
A goblin comes into view.
There are monsters nearby!
The goblin shouts!
The hobgoblin hits you with a club.
* * * LOW HITPOINT WARNING * * *
You hit the hobgoblin.
The hobgoblin is lightly wounded.
You hit the goblin. The goblin closely misses you.
The hobgoblin barely misses you.
You barely miss the hobgoblin.
You headbutt the hobgoblin, but do no damage.
The hobgoblin is lightly wounded.
You slash the goblin!
You kill the goblin!
Your Axes skill increases to level 3!
The hobgoblin hits you with a club.
You die...

#.......####...###.########
....).).............>#
#.....†.##.#...##..#.#
###.##### .. #....# #.##
##+#####.#### #..#
#........#
###''#####........#
8......8##........#
≈......≈##......@.#
≈......≈##......g.#
≈......≈###..###....
≈..88..≈# ##. #......
§.....[≈# # #.♣......
≈......≈# .P.≈.....
≈......≈# .≈≈P....≈
8...<..8# #≈.≈....≈
#########


You could see a hobgoblin.

Vanquished Creatures
  A leopard gecko (D:1)
  A giant cockroach (D:1)
  2 goblins (D:1)
  2 hobgoblins (D:1)
  A kobold (D:1)
  2 rats (D:1)
9 creatures vanquished.

Notes
Turn   | Place    | Note
-------+----------+-------------------------------------------
     0 | D:1      | slep the Demonspawn Gladiator began the quest for the Orb.
     0 | D:1      | Reached XP level 1. HP: 16/16 MP: 1/1
    60 | D:1      | Gained mutation: You have a pair of small horns on your head. [demonic ancestry]
    60 | D:1      | Reached XP level 2. HP: 7/22 MP: 2/2
   117 | D:1      | Reached skill level 3 in Axes
   117 | D:1      | Slain by a hobgoblin

Vault maps used:
D:1:      lightli_arrival_noodles, serial_bayou, serial_bayou_pond_c,
          serial_bayou_pond_e, serial_bayou_crossing, serial_bayou_pond_d,
          nemelex_diamond_rough_becter

Skill      XL: |  1  2 |
---------------+-------+-----
Axes           | 3 |  3.0
Fighting       | |  2.0
Throwing       | |  1.9
Dodging        | |  2.9

Action                   || total
-------------------------++-------
Melee: War axe           ||    16
       Headbutt          ||     1
Armor: Leather armour    ||     5
Dodge: Dodged            ||    12

Table legend:
 A = Spawn XP
 B = Non-spawn XP
 C = Spawn XP percentage of total XP
 D = Spawn monster count
 E = Non-spawn monster count
 F = Spawn count percentage of total count
 G = Total turns spent on level
                    A         B        C        D         E        F      G
               +---------+---------+-------+---------+---------+-------+---------
         Total |       0 |      16 |   0.0 |       0 |       9 |   0.0 |   117
               +---------+---------+-------+---------+---------+-------+---------
           D:1 |       0 |      16 |   0.0 |       0 |       9 |   0.0 |   117
               +---------+---------+-------+---------+---------+-------+---------
